[ AOE2 MATCH · #467985472 ]
Team RMKhmer vs Persians
[ REPLAY ANALYSIS · EXTRACTED FROM THE RECORDED GAME ]
Feudal
10:35
Castle
13:26
Imperial
29:58
| APM avg | 22.1 |
| APM peak | 90 |
| eAPM avg | 13.9 |
| Villagers / military | 153 / 413 |
Focus
⚔️ 31.4% · 🌾 68.6%
Spearman ×275 · Battle Elephant ×122 · Battering Ram ×9 · Trebuchet (Packed) ×7
Feudal
13:01
Castle
16:56
Imperial
30:57
| APM avg | 22.6 |
| APM peak | 47 |
| eAPM avg | 16.8 |
| Villagers / military | 141 / 329 |
Focus
⚔️ 46.9% · 🌾 53.1%
Genoese Crossbowman ×191 · Militia ×93 · Skirmisher ×20 · Scout Cavalry ×14 · Bombard Cannon ×4 · Trebuchet (Packed) ×4
Feudal
13:33
Castle
17:20
Imperial
35:17
| APM avg | 14.5 |
| APM peak | 63 |
| eAPM avg | 11.1 |
| Villagers / military | 141 / 74 |
Focus
⚔️ 18.6% · 🌾 81.4%
Knight ×44 · Archer ×15 · War Elephant ×9 · Trebuchet (Packed) ×3 · Mangonel ×2 · Monk ×1
Feudal
11:29
Castle
15:23
Imperial
31:23
| APM avg | 25.8 |
| APM peak | 52 |
| eAPM avg | 15.1 |
| Villagers / military | 177 / 634 |
Focus
⚔️ 49.0% · 🌾 51.0%
Knight ×267 · Spearman ×198 · Scout Cavalry ×83 · Skirmisher ×55 · Bombard Cannon ×11 · Monk ×6
Feudal
13:41
Castle
17:22
Imperial
34:04
| APM avg | 20.4 |
| APM peak | 70 |
| eAPM avg | 14.3 |
| Villagers / military | 135 / 217 |
Focus
⚔️ 38.2% · 🌾 61.8%
Tarkan ×199 · Knight ×18
Feudal
13:56
Castle
18:05
Imperial
33:27
| APM avg | 21.5 |
| APM peak | 53 |
| eAPM avg | 15.3 |
| Villagers / military | 125 / 344 |
Focus
⚔️ 54.5% · 🌾 45.5%
Spearman ×144 · Scout Cavalry ×89 · Skirmisher ×51 · Arambai ×31 · Knight ×16 · Trebuchet (Packed) ×9
Feudal
10:48
Castle
23:55
Imperial
—
| APM avg | 15.2 |
| APM peak | 29 |
| eAPM avg | 10.8 |
| Villagers / military | 120 / 335 |
Focus
⚔️ 32.8% · 🌾 67.2%
Spearman ×186 · Kipchak ×78 · Camel Scout ×54 · Battering Ram ×9 · Monk ×7 · Scout Cavalry ×1
Feudal
12:07
Castle
16:02
Imperial
29:59
| APM avg | 21.2 |
| APM peak | 54 |
| eAPM avg | 16.4 |
| Villagers / military | 160 / 315 |
Focus
⚔️ 39.5% · 🌾 60.5%
Scout Cavalry ×285 · Unknown (1908) ×156 · Steppe Lancer ×30
Match map
Initial resources + every placement click. Lines = walls · curves = elevation contours. ◆ gold · ⬟ stone · ● berries · ✦ relic · ◌ wall gap
Your base· ✓ Closed at 13:26 · 0t walls · 2 gate(s)
SimbaSKYwalker's base· ✓ Closed at 16:56 · 0t walls · 2 gate(s)
Runner's base· ✓ Closed at 17:20 · 0t walls · 2 gate(s)
rontgen's base· ✓ Closed at 15:23 · 0t walls · 2 gate(s)
ZEROarg's base· ✓ Closed at 17:22 · 0t walls · 2 gate(s)
Lykia's base· ✓ Closed at 18:05 · 0t walls · 2 gate(s)
Bredark's base· ✓ Closed at 23:55 · 0t walls · 2 gate(s)
劍靈根's base· ✓ Closed at 16:02 · 0t walls · 3 gate(s)
Smoothed initial terrain · ◌ = detected wall gap · hover for details
Inputs per minute
— yougetcs - - SimbaSKYwalker
Build order — yougetcs
First 150 of 475 actions detected
| 0:00 | Create | Villager (Male) |
| 0:01 | Create | Villager (Male) |
| 0:01 | Create | Villager (Male) |
| 0:01 | Create | Villager (Male) |
| 0:02 | Build | House |
| 0:04 | Build | House |
| 1:36 | Create | Villager (Male) |
| 1:36 | Create | Villager (Male) |
| 1:57 | Create | Villager (Male) |
| 1:58 | Create | Villager (Male) |
| 2:33 | Create | Villager (Male) |
| 2:33 | Create | Villager (Male) |
| 3:12 | Create | Villager (Male) |
| 3:12 | Create | Villager (Male) |
| 3:13 | Create | Villager (Male) |
| 3:40 | Build | House |
| 4:13 | Build | Lumber Camp |
| 4:15 | Create | Villager (Male) |
| 4:15 | Create | Villager (Male) |
| 4:15 | Create | Villager (Male) |
| 4:16 | Create | Villager (Male) |
| 4:16 | Create | Villager (Male) |
| 5:10 | Create | Villager (Male) |
| 5:10 | Create | Villager (Male) |
| 5:10 | Create | Villager (Male) |
| 5:11 | Create | Villager (Male) |
| 5:39 | Create | Villager (Male) |
| 5:40 | Create | Villager (Male) |
| 5:40 | Create | Villager (Male) |
| 6:11 | Build | Mill |
| 6:24 | Build | House |
| 7:27 | Build | Mining Camp |
| 7:36 | Create | Villager (Male) |
| 7:40 | Research | Feudal Age |
| 7:40 | Research | Feudal Age |
| 8:38 | Build | House |
| 10:35 | Age | Feudal Age |
| 10:46 | Research | Castle Age |
| 10:46 | Research | Castle Age |
| 10:59 | Build | Farm |
| 11:01 | Build | Farm |
| 11:02 | Build | Farm |
| 11:03 | Build | Farm |
| 11:05 | Build | Farm |
| 11:14 | Build | Farm |
| 11:15 | Build | Farm |
| 11:17 | Build | Farm |
| 11:53 | Research | Double-Bit Axe |
| 11:53 | Research | Double-Bit Axe |
| 12:17 | Research | Horse Collar |
| 13:26 | Age | Castle Age |
| 13:27 | Build | Town Center |
| 13:41 | Research | Bow Saw |
| 14:04 | Research | Heavy Plow |
| 14:10 | Create | Villager (Male) |
| 14:10 | Create | Villager (Male) |
| 14:36 | Create | Villager (Male) |
| 15:00 | Create | Villager (Male) |
| 15:08 | Create | Villager (Male) |
| 15:08 | Create | Villager (Male) |
| 15:18 | Create | Villager (Male) |
| 15:30 | Build | Town Center |
| 15:35 | Create | Villager (Male) |
| 15:51 | Build | Farm |
| 16:00 | Create | Villager (Male) |
| 16:01 | Create | Villager (Male) |
| 16:15 | Create | Villager (Male) |
| 16:16 | Create | Villager (Male) |
| 16:21 | Build | Farm |
| 16:25 | Create | Villager (Male) |
| 16:32 | Build | Farm |
| 16:36 | Create | Villager (Male) |
| 16:36 | Create | Villager (Male) |
| 16:37 | Create | Villager (Male) |
| 16:37 | Create | Villager (Male) |
| 16:42 | Build | House |
| 16:45 | Build | House |
| 16:52 | Build | Farm |
| 16:57 | Create | Villager (Male) |
| 16:57 | Create | Villager (Male) |
| 16:57 | Create | Villager (Male) |
| 17:12 | Build | Mining Camp |
| 17:22 | Build | Farm |
| 17:24 | Build | Farm |
| 17:28 | Build | Farm |
| 17:33 | Build | Farm |
| 17:44 | Build | Farm |
| 17:48 | Create | Villager (Male) |
| 17:48 | Create | Villager (Male) |
| 17:49 | Create | Villager (Male) |
| 17:49 | Create | Villager (Male) |
| 17:49 | Create | Villager (Male) |
| 17:55 | Build | Farm |
| 18:01 | Build | Farm |
| 18:12 | Build | Farm |
| 18:12 | Create | Villager (Male) |
| 18:13 | Create | Villager (Male) |
| 18:13 | Create | Villager (Male) |
| 18:20 | Create | Villager (Male) |
| 18:20 | Create | Villager (Male) |
| 18:27 | Build | Lumber Camp |
| 18:34 | Create | Villager (Male) |
| 18:34 | Create | Villager (Male) |
| 18:51 | Build | House |
| 18:52 | Build | House |
| 18:53 | Build | House |
| 19:03 | Build | House |
| 19:16 | Create | Villager (Male) |
| 19:16 | Create | Villager (Male) |
| 19:16 | Create | Villager (Male) |
| 19:16 | Create | Villager (Male) |
| 19:17 | Create | Villager (Male) |
| 19:17 | Create | Villager (Male) |
| 19:17 | Create | Villager (Male) |
| 19:24 | Build | Town Center |
| 19:33 | Build | Town Center |
| 19:41 | Build | House |
| 19:42 | Build | House |
| 19:44 | Create | Villager (Male) |
| 19:44 | Create | Villager (Male) |
| 19:44 | Create | Villager (Male) |
| 19:44 | Create | Villager (Male) |
| 19:44 | Create | Villager (Male) |
| 19:50 | Create | Villager (Male) |
| 19:51 | Create | Villager (Male) |
| 19:56 | Build | Farm |
| 19:59 | Build | Farm |
| 20:00 | Build | Farm |
| 20:01 | Build | Farm |
| 20:05 | Build | Farm |
| 20:16 | Build | Farm |
| 20:20 | Build | Farm |
| 20:23 | Create | Villager (Male) |
| 20:23 | Create | Villager (Male) |
| 20:24 | Create | Villager (Male) |
| 20:25 | Create | Villager (Male) |
| 20:26 | Create | Villager (Male) |
| 20:26 | Create | Villager (Male) |
| 20:36 | Create | Villager (Male) |
| 20:36 | Create | Villager (Male) |
| 20:36 | Create | Villager (Male) |
| 20:38 | Create | Villager (Male) |
| 20:38 | Create | Villager (Male) |
| 20:48 | Create | Villager (Male) |
| 20:49 | Create | Villager (Male) |
| 20:49 | Create | Villager (Male) |
| 20:54 | Create | Villager (Male) |
| 20:55 | Create | Villager (Male) |
| 21:03 | Build | Barracks |
| 21:09 | Build | House |
Build order — SimbaSKYwalker
First 150 of 580 actions detected
| 0:04 | Research | Loom |
| 0:04 | Create | Villager (Male) ×4 |
| 0:04 | Create | Villager (Male) ×4 |
| 0:19 | Build | House |
| 0:20 | Build | House |
| 0:22 | Build | House |
| 0:23 | Build | House |
| 1:43 | Build | Lumber Camp |
| 1:56 | Create | Villager (Male) |
| 2:30 | Create | Villager (Male) |
| 2:55 | Create | Villager (Male) |
| 5:01 | Create | Villager (Male) |
| 5:02 | Create | Villager (Male) |
| 5:02 | Create | Villager (Male) |
| 5:03 | Create | Villager (Male) |
| 5:03 | Create | Villager (Male) |
| 5:39 | Create | Villager (Male) |
| 6:05 | Create | Villager (Male) |
| 6:12 | Create | Villager (Male) |
| 6:23 | Create | Villager (Male) |
| 7:13 | Create | Villager (Male) |
| 7:13 | Create | Villager (Male) |
| 7:14 | Create | Villager (Male) |
| 7:14 | Create | Villager (Male) |
| 7:14 | Create | Villager (Male) |
| 8:38 | Create | Villager (Male) |
| 9:04 | Build | Mill |
| 9:08 | Build | Mining Camp |
| 10:04 | Create | Villager (Male) |
| 10:08 | Build | Mining Camp |
| 10:20 | Build | House |
| 10:32 | Build | House |
| 10:45 | Research | Feudal Age |
| 11:09 | Create | Villager (Male) |
| 11:11 | Create | Villager (Male) |
| 11:21 | Build | House |
| 11:23 | Build | House |
| 11:24 | Build | House |
| 13:01 | Age | Feudal Age |
| 13:06 | Create | Villager (Male) |
| 13:32 | Build | Market |
| 13:43 | Build | Blacksmith |
| 14:13 | Research | Castle Age |
| 14:33 | Research | Horse Collar |
| 14:39 | Research | Double-Bit Axe |
| 15:07 | Build | Farm |
| 15:08 | Build | Farm |
| 15:08 | Build | Farm |
| 15:08 | Build | Farm |
| 15:08 | Build | Farm |
| 15:09 | Build | Farm |
| 15:25 | Build | Farm |
| 16:42 | Create | Villager (Male) |
| 16:42 | Create | Villager (Male) |
| 16:42 | Create | Villager (Male) |
| 16:43 | Create | Villager (Male) |
| 16:56 | Age | Castle Age |
| 17:00 | Build | Town Center |
| 17:16 | Build | Town Center |
| 17:40 | Build | Monastery |
| 18:12 | Create | Villager (Male) |
| 18:13 | Create | Villager (Male) |
| 18:13 | Create | Villager (Male) |
| 18:15 | Create | Monk |
| 18:15 | Create | Monk |
| 18:23 | Build | Farm |
| 18:26 | Build | Farm |
| 18:30 | Build | Farm |
| 18:42 | Build | Farm |
| 18:48 | Build | Farm |
| 18:58 | Create | Villager (Male) |
| 18:58 | Create | Villager (Male) |
| 19:29 | Build | Farm |
| 19:35 | Build | Farm |
| 19:38 | Create | Villager (Male) |
| 19:38 | Create | Villager (Male) |
| 19:38 | Create | Villager (Male) |
| 19:39 | Create | Villager (Male) |
| 19:43 | Build | Farm |
| 19:49 | Build | Farm |
| 19:56 | Create | Villager (Male) |
| 19:56 | Create | Villager (Male) |
| 20:03 | Build | Farm |
| 20:09 | Build | Farm |
| 20:22 | Create | Villager (Male) |
| 20:22 | Create | Villager (Male) |
| 20:31 | Create | Villager (Male) |
| 20:31 | Create | Villager (Male) |
| 20:36 | Build | Farm |
| 20:40 | Create | Villager (Male) |
| 20:40 | Create | Villager (Male) |
| 20:51 | Create | Villager (Male) |
| 20:52 | Create | Villager (Male) |
| 20:55 | Build | Farm |
| 21:07 | Create | Villager (Male) |
| 21:08 | Create | Villager (Male) |
| 21:15 | Build | Farm |
| 21:20 | Create | Villager (Male) |
| 21:21 | Create | Villager (Male) |
| 21:24 | Build | University |
| 21:41 | Create | Monk |
| 22:02 | Create | Villager (Male) |
| 22:03 | Create | Villager (Male) |
| 22:03 | Create | Villager (Male) |
| 22:03 | Create | Villager (Male) |
| 22:03 | Create | Villager (Male) |
| 22:32 | Create | Villager (Male) |
| 22:33 | Create | Villager (Male) |
| 22:33 | Create | Villager (Male) |
| 22:33 | Create | Villager (Male) |
| 22:35 | Create | Villager (Male) |
| 22:35 | Create | Villager (Male) |
| 22:54 | Build | Town Center |
| 22:57 | Create | Villager (Male) |
| 22:57 | Create | Villager (Male) |
| 22:57 | Create | Villager (Male) |
| 23:12 | Create | Villager (Male) |
| 23:23 | Build | Farm |
| 23:45 | Create | Villager (Male) |
| 23:45 | Create | Villager (Male) |
| 23:45 | Create | Villager (Male) |
| 23:45 | Create | Villager (Male) |
| 23:46 | Create | Villager (Male) |
| 23:46 | Create | Villager (Male) |
| 23:46 | Create | Villager (Male) |
| 24:00 | Create | Villager (Male) |
| 24:01 | Create | Villager (Male) |
| 24:09 | Build | House |
| 24:10 | Build | House |
| 24:10 | Build | House |
| 24:11 | Build | House |
| 24:11 | Build | House |
| 24:12 | Build | House |
| 24:12 | Build | House |
| 24:13 | Build | House |
| 24:13 | Build | House |
| 24:14 | Build | House |
| 24:14 | Build | House |
| 24:14 | Build | House |
| 24:15 | Build | House |
| 24:15 | Build | House |
| 24:22 | Build | Farm |
| 24:24 | Build | Farm |
| 24:28 | Build | Farm |
| 24:31 | Build | Farm |
| 24:37 | Build | Farm |
| 24:39 | Create | Villager (Male) |
| 24:39 | Create | Villager (Male) |
| 24:39 | Create | Villager (Male) |
| 24:40 | Create | Villager (Male) |
Build order — Runner
First 150 of 380 actions detected
| 0:01 | Create | Villager (Male) |
| 0:02 | Create | Villager (Male) |
| 0:02 | Create | Villager (Male) |
| 0:02 | Create | Villager (Male) |
| 0:03 | Create | Villager (Male) |
| 0:03 | Create | Villager (Male) |
| 0:07 | Build | House |
| 0:09 | Build | House |
| 0:10 | Build | House |
| 0:11 | Build | House |
| 0:12 | Build | House |
| 0:13 | Build | House |
| 0:14 | Build | House |
| 0:51 | Research | Loom |
| 2:19 | Create | Villager (Male) |
| 2:48 | Create | Villager (Male) |
| 2:49 | Create | Villager (Male) |
| 3:46 | Build | Lumber Camp |
| 3:57 | Build | Mining Camp |
| 4:10 | Create | Villager (Male) |
| 4:10 | Create | Villager (Male) |
| 4:37 | Create | Villager (Male) |
| 4:37 | Create | Villager (Male) |
| 4:51 | Build | Mill |
| 5:08 | Create | Villager (Male) |
| 5:08 | Create | Villager (Male) |
| 5:09 | Create | Villager (Male) |
| 5:10 | Create | Villager (Male) |
| 6:23 | Create | Villager (Male) |
| 6:25 | Create | Villager (Male) |
| 6:25 | Create | Villager (Male) |
| 6:33 | Create | Villager (Male) |
| 6:51 | Build | Mining Camp |
| 7:19 | Create | Villager (Male) |
| 7:19 | Create | Villager (Male) |
| 7:20 | Create | Villager (Male) |
| 7:20 | Create | Villager (Male) |
| 7:20 | Create | Villager (Male) |
| 7:21 | Create | Villager (Male) |
| 7:33 | Create | Villager (Male) |
| 7:34 | Create | Villager (Male) |
| 7:53 | Create | Villager (Male) |
| 8:26 | Create | Villager (Male) |
| 8:27 | Create | Villager (Male) |
| 8:47 | Build | Mining Camp |
| 9:47 | Build | Mill |
| 11:29 | Research | Feudal Age |
| 11:54 | Build | Barracks |
| 13:33 | Age | Feudal Age |
| 13:37 | Build | Stable |
| 13:49 | Build | Market |
| 14:55 | Research | Castle Age |
| 16:57 | Research | Double-Bit Axe |
| 17:20 | Age | Castle Age |
| 17:41 | Build | Castle |
| 17:50 | Build | Town Center |
| 17:53 | Research | Wheelbarrow |
| 18:07 | Create | Villager (Male) |
| 18:07 | Create | Villager (Male) |
| 18:07 | Create | Villager (Male) |
| 18:33 | Build | Stone Wall |
| 18:46 | Build | Stone Wall |
| 18:54 | Build | Gate |
| 19:10 | Create | Villager (Male) |
| 19:49 | Create | Villager (Male) |
| 20:08 | Build | Town Center |
| 20:48 | Build | Farm |
| 20:49 | Build | Farm |
| 20:51 | Build | Farm |
| 20:52 | Build | Farm |
| 21:04 | Build | Farm |
| 21:05 | Build | Farm |
| 21:07 | Build | Farm |
| 21:34 | Build | Stone Wall |
| 21:40 | Create | Villager (Male) |
| 21:52 | Build | Farm |
| 21:54 | Build | Farm |
| 21:56 | Build | Farm |
| 21:58 | Build | Farm |
| 21:59 | Build | Farm |
| 22:03 | Build | Farm |
| 22:07 | Create | Villager (Male) |
| 22:07 | Create | Villager (Male) |
| 22:19 | Build | Farm |
| 22:21 | Build | Farm |
| 22:22 | Build | Farm |
| 22:24 | Create | Villager (Male) |
| 22:24 | Create | Villager (Male) |
| 22:37 | Create | Villager (Male) |
| 22:37 | Create | Villager (Male) |
| 23:10 | Build | Blacksmith |
| 23:21 | Research | Horse Collar |
| 23:23 | Create | Villager (Male) |
| 23:41 | Research | Town Watch |
| 23:43 | Create | Villager (Male) |
| 23:44 | Create | Villager (Male) |
| 23:44 | Create | Villager (Male) |
| 24:03 | Create | Villager (Male) |
| 24:04 | Create | Villager (Male) |
| 24:04 | Create | Villager (Male) |
| 24:14 | Build | Siege Workshop |
| 24:19 | Create | Villager (Male) |
| 24:19 | Create | Villager (Male) |
| 24:20 | Create | Villager (Male) |
| 24:39 | Build | Monastery |
| 24:43 | Research | Bow Saw |
| 24:46 | Create | Villager (Male) |
| 25:12 | Build | Archery Range |
| 25:28 | Research | Heavy Plow |
| 25:30 | Create | Villager (Male) |
| 25:30 | Create | Villager (Male) |
| 25:34 | Create | Villager (Male) |
| 25:35 | Create | Villager (Male) |
| 25:50 | Create | Monk |
| 25:56 | Create | Mangonel |
| 26:07 | Create | Villager (Male) |
| 26:07 | Create | Villager (Male) |
| 26:10 | Create | Villager (Male) |
| 26:11 | Create | Villager (Male) |
| 26:29 | Create | Villager (Male) |
| 26:29 | Create | Villager (Male) |
| 26:29 | Create | Villager (Male) |
| 26:30 | Create | Villager (Male) |
| 26:40 | Build | House |
| 26:40 | Build | House |
| 26:40 | Build | House |
| 26:41 | Build | House |
| 26:41 | Build | House |
| 26:41 | Build | House |
| 26:42 | Build | House |
| 26:52 | Create | Villager (Male) |
| 27:02 | Build | Farm |
| 27:03 | Build | Farm |
| 27:06 | Build | Farm |
| 27:07 | Build | Farm |
| 27:08 | Build | Farm |
| 27:16 | Research | Fletching |
| 27:27 | Create | Villager (Male) |
| 27:27 | Create | Villager (Male) |
| 27:27 | Create | Villager (Male) |
| 27:45 | Build | Farm |
| 27:47 | Build | Farm |
| 27:48 | Build | Farm |
| 27:51 | Build | Farm |
| 27:57 | Build | Mill |
| 28:06 | Research | Gold Mining |
| 28:14 | Create | Mangonel |
| 28:40 | Build | University |
| 28:47 | Research | Hand Cart |
| 28:53 | Research | Crossbowman (upgrade) |
Build order — rontgen
First 150 of 487 actions detected
| 0:01 | Create | Villager (Male) |
| 0:01 | Create | Villager (Male) |
| 0:02 | Create | Villager (Male) |
| 0:04 | Build | House |
| 0:06 | Build | House |
| 0:36 | Create | Villager (Male) |
| 0:36 | Create | Villager (Male) |
| 1:31 | Create | Villager (Male) |
| 1:32 | Create | Villager (Male) |
| 1:50 | Build | Lumber Camp |
| 2:09 | Create | Villager (Male) |
| 2:10 | Create | Villager (Male) |
| 2:24 | Create | Villager (Male) |
| 2:48 | Create | Villager (Male) |
| 2:48 | Create | Villager (Male) |
| 3:17 | Create | Villager (Male) |
| 3:17 | Create | Villager (Male) |
| 3:46 | Create | Villager (Male) |
| 3:46 | Create | Villager (Male) |
| 4:10 | Create | Villager (Male) |
| 4:10 | Create | Villager (Male) |
| 4:11 | Create | Villager (Male) |
| 4:40 | Research | Loom |
| 4:40 | Create | Villager (Male) |
| 4:41 | Create | Villager (Male) |
| 4:43 | Build | House |
| 5:26 | Create | Villager (Male) |
| 5:27 | Create | Villager (Male) |
| 5:35 | Build | Mill |
| 5:38 | Create | Villager (Male) |
| 5:50 | Create | Villager (Male) |
| 6:20 | Create | Villager (Male) |
| 6:20 | Create | Villager (Male) |
| 6:45 | Build | House |
| 6:48 | Create | Villager (Male) |
| 7:21 | Create | Villager (Male) |
| 7:48 | Create | Villager (Male) |
| 9:08 | Research | Feudal Age |
| 9:18 | Build | Mining Camp |
| 9:34 | Create | Villager (Male) |
| 9:41 | Build | Farm |
| 9:49 | Build | Farm |
| 10:03 | Build | Farm |
| 10:05 | Create | Villager (Male) |
| 10:27 | Build | House |
| 10:55 | Build | House |
| 11:29 | Age | Feudal Age |
| 11:31 | Build | Market |
| 11:34 | Build | Blacksmith |
| 12:43 | Research | Castle Age |
| 12:57 | Build | Mining Camp |
| 13:21 | Research | Double-Bit Axe |
| 13:31 | Create | Villager (Male) |
| 13:51 | Build | Farm |
| 13:56 | Build | Farm |
| 14:08 | Build | Farm |
| 14:27 | Build | House |
| 14:29 | Build | House |
| 15:23 | Age | Castle Age |
| 15:26 | Build | Town Center |
| 15:31 | Build | Town Center |
| 15:33 | Create | Villager (Male) |
| 15:34 | Create | Villager (Male) |
| 15:45 | Research | Horse Collar |
| 15:48 | Research | Bow Saw |
| 15:51 | Build | Farm |
| 16:12 | Build | House |
| 16:13 | Build | House |
| 16:29 | Create | Villager (Male) ×3 |
| 16:34 | Create | Villager (Male) |
| 16:34 | Create | Villager (Male) |
| 16:39 | Build | Farm |
| 16:41 | Build | Farm |
| 16:45 | Build | Farm |
| 16:54 | Build | Farm |
| 16:59 | Build | Farm |
| 17:07 | Create | Villager (Male) ×2 |
| 17:08 | Create | Villager (Male) ×2 |
| 17:12 | Build | Farm |
| 17:20 | Build | Farm |
| 17:27 | Build | Farm |
| 17:33 | Build | Farm |
| 17:39 | Build | Farm |
| 17:54 | Create | Villager (Male) ×4 |
| 18:00 | Build | Farm |
| 18:05 | Build | Farm |
| 18:11 | Create | Villager (Male) |
| 18:17 | Build | Farm |
| 18:20 | Build | Farm |
| 18:24 | Create | Villager (Male) ×2 |
| 18:26 | Build | Farm |
| 18:36 | Create | Villager (Male) |
| 18:36 | Create | Villager (Male) |
| 18:43 | Build | Farm |
| 18:47 | Build | Farm |
| 18:52 | Build | Farm |
| 18:53 | Create | Villager (Male) ×2 |
| 19:03 | Build | House |
| 19:09 | Build | House |
| 19:18 | Create | Villager (Male) ×3 |
| 19:19 | Create | Villager (Male) ×3 |
| 19:24 | Build | Farm |
| 19:36 | Build | Farm |
| 19:42 | Create | Villager (Male) ×3 |
| 19:42 | Create | Villager (Male) ×3 |
| 19:47 | Build | Farm |
| 19:59 | Create | Villager (Male) ×3 |
| 20:00 | Create | Villager (Male) ×3 |
| 20:08 | Build | Monastery |
| 20:12 | Create | Villager (Male) ×2 |
| 20:15 | Build | Farm |
| 20:18 | Create | Villager (Male) |
| 20:29 | Research | Heavy Plow |
| 20:35 | Build | Farm |
| 20:42 | Create | Villager (Male) ×2 |
| 20:43 | Create | Villager (Male) ×2 |
| 20:47 | Build | Farm |
| 20:50 | Build | Farm |
| 20:55 | Build | Farm |
| 21:01 | Create | Monk |
| 21:18 | Create | Villager (Male) ×5 |
| 21:23 | Build | Farm |
| 21:27 | Research | Wheelbarrow |
| 21:31 | Create | Villager (Male) ×2 |
| 21:31 | Create | Villager (Male) ×2 |
| 21:36 | Build | Farm |
| 21:40 | Build | Farm |
| 21:45 | Build | Mill |
| 21:51 | Build | Farm |
| 21:55 | Build | Farm |
| 21:58 | Build | Farm |
| 22:00 | Create | Villager (Male) ×5 |
| 22:00 | Create | Villager (Male) |
| 22:09 | Build | Farm |
| 22:19 | Build | Farm |
| 22:22 | Create | Villager (Male) ×4 |
| 22:22 | Create | Villager (Male) ×4 |
| 22:28 | Research | Gold Mining |
| 22:37 | Build | Farm |
| 22:39 | Create | Villager (Male) ×3 |
| 22:39 | Create | Villager (Male) ×3 |
| 22:43 | Build | Farm |
| 22:47 | Create | Villager (Male) |
| 23:11 | Create | Villager (Male) |
| 23:16 | Research | Hand Cart |
| 23:17 | Create | Villager (Male) |
| 23:29 | Build | House |
| 23:35 | Research | Stone Mining |
| 23:58 | Build | House |
| 24:00 | Build | House |
Build order — ZEROarg
First 150 of 463 actions detected
| 0:05 | Research | Loom |
| 0:05 | Create | Villager (Male) |
| 0:06 | Create | Villager (Male) |
| 0:06 | Create | Villager (Male) |
| 0:06 | Create | Villager (Male) |
| 0:06 | Create | Villager (Male) |
| 1:42 | Create | Villager (Male) |
| 1:42 | Create | Villager (Male) |
| 3:24 | Create | Villager (Male) |
| 3:24 | Create | Villager (Male) |
| 3:24 | Create | Villager (Male) |
| 4:26 | Create | Villager (Male) |
| 4:27 | Create | Villager (Male) |
| 4:27 | Create | Villager (Male) |
| 4:27 | Create | Villager (Male) |
| 4:27 | Create | Villager (Male) |
| 4:49 | Create | Villager (Male) |
| 4:49 | Create | Villager (Male) |
| 5:44 | Create | Villager (Male) |
| 6:52 | Create | Villager (Male) |
| 6:53 | Create | Villager (Male) |
| 6:53 | Create | Villager (Male) |
| 6:53 | Create | Villager (Male) |
| 7:08 | Build | Mill |
| 7:10 | Create | Villager (Male) |
| 7:11 | Create | Villager (Male) |
| 7:11 | Create | Villager (Male) |
| 7:11 | Create | Villager (Male) |
| 8:25 | Create | Villager (Male) |
| 8:25 | Create | Villager (Male) |
| 8:25 | Create | Villager (Male) |
| 8:26 | Create | Villager (Male) |
| 8:42 | Build | Lumber Camp |
| 10:39 | Research | Feudal Age |
| 10:50 | Build | Mining Camp |
| 11:41 | Build | Mining Camp |
| 11:53 | Create | Villager (Male) |
| 11:54 | Create | Villager (Male) |
| 13:41 | Age | Feudal Age |
| 13:50 | Build | Market |
| 13:59 | Build | Blacksmith |
| 14:42 | Research | Castle Age |
| 16:10 | Research | Wheelbarrow |
| 17:22 | Age | Castle Age |
| 17:41 | Build | Town Center |
| 17:53 | Build | Town Center |
| 18:02 | Build | Town Center |
| 18:19 | Research | Double-Bit Axe |
| 19:23 | Create | Villager (Male) |
| 19:24 | Create | Villager (Male) |
| 19:49 | Build | Farm |
| 19:49 | Build | Farm |
| 19:49 | Build | Farm |
| 19:50 | Build | Farm |
| 19:51 | Build | Farm |
| 20:20 | Build | Castle |
| 20:45 | Build | Castle |
| 21:02 | Create | Villager (Male) |
| 21:03 | Create | Villager (Male) |
| 21:03 | Create | Villager (Male) |
| 21:15 | Build | Farm |
| 21:15 | Build | Farm |
| 21:15 | Build | Farm |
| 21:16 | Build | Farm |
| 21:33 | Create | Villager (Male) |
| 21:34 | Create | Villager (Male) |
| 21:34 | Create | Villager (Male) |
| 21:34 | Create | Villager (Male) |
| 21:35 | Create | Villager (Male) |
| 21:40 | Research | Gold Mining |
| 21:53 | Build | Farm |
| 21:54 | Build | Farm |
| 21:54 | Build | Farm |
| 22:12 | Create | Villager (Male) |
| 22:12 | Create | Villager (Male) |
| 22:12 | Create | Villager (Male) |
| 22:32 | Build | Farm |
| 22:32 | Build | Farm |
| 22:33 | Build | Farm |
| 22:53 | Create | Villager (Male) |
| 22:53 | Create | Villager (Male) |
| 22:54 | Create | Villager (Male) |
| 22:54 | Create | Villager (Male) |
| 23:01 | Create | Villager (Male) |
| 23:01 | Create | Villager (Male) |
| 23:02 | Create | Villager (Male) |
| 23:02 | Create | Villager (Male) |
| 23:10 | Build | Farm |
| 23:10 | Build | Farm |
| 23:11 | Build | Farm |
| 23:11 | Build | Farm |
| 23:12 | Build | Farm |
| 23:16 | Create | Villager (Male) |
| 23:17 | Create | Villager (Male) |
| 23:17 | Create | Villager (Male) |
| 23:36 | Build | Mining Camp |
| 23:40 | Create | Villager (Male) |
| 23:40 | Create | Villager (Male) |
| 23:41 | Create | Villager (Male) |
| 23:54 | Build | Farm |
| 23:55 | Build | Farm |
| 23:55 | Build | Farm |
| 23:56 | Build | Farm |
| 24:01 | Create | Villager (Male) |
| 24:01 | Create | Villager (Male) |
| 24:02 | Create | Villager (Male) |
| 24:24 | Create | Villager (Male) |
| 24:24 | Create | Villager (Male) |
| 24:24 | Create | Villager (Male) |
| 24:25 | Create | Villager (Male) |
| 24:37 | Build | Farm |
| 24:38 | Build | Farm |
| 24:38 | Build | Farm |
| 24:38 | Build | Farm |
| 24:40 | Build | Farm |
| 24:48 | Research | Gold Shaft Mining |
| 24:53 | Create | Villager (Male) |
| 24:54 | Create | Villager (Male) |
| 25:05 | Research | Horse Collar |
| 25:13 | Create | Villager (Male) |
| 25:13 | Create | Villager (Male) |
| 25:14 | Create | Villager (Male) |
| 25:14 | Create | Villager (Male) |
| 25:23 | Create | Villager (Male) |
| 25:24 | Create | Villager (Male) |
| 25:24 | Create | Villager (Male) |
| 25:39 | Build | Farm |
| 25:40 | Build | Farm |
| 25:40 | Build | Farm |
| 25:41 | Build | Farm |
| 25:47 | Create | Villager (Male) |
| 25:47 | Create | Villager (Male) |
| 25:47 | Create | Villager (Male) |
| 25:48 | Create | Villager (Male) |
| 25:48 | Create | Villager (Male) |
| 25:56 | Create | Villager (Male) |
| 25:57 | Create | Villager (Male) |
| 25:57 | Create | Villager (Male) |
| 25:58 | Create | Villager (Male) |
| 25:58 | Create | Villager (Male) |
| 26:10 | Build | Farm |
| 26:11 | Build | Farm |
| 26:11 | Build | Farm |
| 26:23 | Create | Villager (Male) |
| 26:24 | Create | Villager (Male) |
| 26:24 | Create | Villager (Male) |
| 26:24 | Create | Villager (Male) |
| 26:25 | Create | Villager (Male) |
| 26:25 | Create | Villager (Male) |
| 26:25 | Create | Villager (Male) |
Build order — Lykia
First 150 of 641 actions detected
| 0:04 | Create | Villager (Male) |
| 0:04 | Create | Villager (Male) |
| 0:04 | Create | Villager (Male) |
| 0:05 | Create | Villager (Male) |
| 0:05 | Create | Villager (Male) |
| 0:05 | Create | Villager (Male) |
| 0:08 | Build | House |
| 1:30 | Create | Villager (Male) |
| 1:30 | Create | Villager (Male) |
| 1:35 | Build | House |
| 2:08 | Create | Villager (Male) |
| 2:08 | Create | Villager (Male) |
| 2:43 | Create | Villager (Male) |
| 2:43 | Create | Villager (Male) |
| 2:57 | Create | Villager (Male) |
| 3:21 | Build | Mill |
| 4:06 | Create | Villager (Male) |
| 4:07 | Create | Villager (Male) |
| 4:07 | Create | Villager (Male) |
| 4:07 | Create | Villager (Male) |
| 4:07 | Create | Villager (Male) |
| 4:13 | Build | House |
| 5:09 | Create | Villager (Male) |
| 5:09 | Create | Villager (Male) |
| 5:31 | Create | Villager (Male) |
| 5:31 | Create | Villager (Male) |
| 5:33 | Create | Villager (Male) |
| 5:36 | Create | Villager (Male) |
| 6:24 | Create | Villager (Male) |
| 6:24 | Create | Villager (Male) |
| 6:24 | Create | Villager (Male) |
| 7:03 | Create | Villager (Male) |
| 7:03 | Create | Villager (Male) |
| 7:03 | Create | Villager (Male) |
| 7:04 | Create | Villager (Male) |
| 7:15 | Build | Mining Camp |
| 7:31 | Build | House |
| 8:51 | Build | Mill |
| 9:08 | Create | Villager (Male) |
| 9:08 | Create | Villager (Male) |
| 9:08 | Create | Villager (Male) |
| 9:09 | Create | Villager (Male) |
| 9:09 | Create | Villager (Male) |
| 9:10 | Create | Villager (Male) |
| 9:10 | Create | Villager (Male) |
| 9:10 | Create | Villager (Male) |
| 9:10 | Create | Villager (Male) |
| 9:41 | Build | House |
| 10:08 | Build | House |
| 10:33 | Build | Lumber Camp |
| 11:03 | Research | Feudal Age |
| 11:17 | Build | Farm |
| 11:25 | Build | Farm |
| 11:50 | Build | House |
| 11:58 | Build | Farm |
| 12:08 | Build | Farm |
| 13:21 | Create | Villager (Male) |
| 13:22 | Create | Villager (Male) |
| 13:28 | Create | Villager (Male) |
| 13:38 | Build | House |
| 13:56 | Age | Feudal Age |
| 13:59 | Build | Market |
| 14:03 | Build | Blacksmith |
| 14:20 | Build | Mining Camp |
| 14:29 | Build | Farm |
| 14:50 | Create | Villager (Male) |
| 14:54 | Build | Farm |
| 15:25 | Research | Castle Age |
| 15:25 | Research | Castle Age |
| 15:27 | Create | Villager (Male) |
| 15:31 | Build | Farm |
| 15:43 | Build | Farm |
| 15:45 | Build | Farm |
| 16:16 | Create | Villager (Male) |
| 17:15 | Build | Farm |
| 17:18 | Build | Farm |
| 17:24 | Build | Farm |
| 17:50 | Build | Farm |
| 17:58 | Build | Farm |
| 18:05 | Age | Castle Age |
| 18:09 | Build | Town Center |
| 18:14 | Build | Town Center |
| 18:18 | Research | Wheelbarrow |
| 19:07 | Create | Villager (Male) |
| 19:07 | Create | Villager (Male) |
| 19:08 | Create | Villager (Male) |
| 19:08 | Create | Villager (Male) |
| 19:08 | Create | Villager (Male) |
| 19:22 | Create | Villager (Male) |
| 19:22 | Create | Villager (Male) |
| 19:22 | Create | Villager (Male) |
| 19:28 | Build | Farm |
| 19:29 | Build | Farm |
| 19:30 | Build | Farm |
| 19:30 | Build | Farm |
| 19:53 | Create | Villager (Male) |
| 19:54 | Create | Villager (Male) |
| 19:54 | Create | Villager (Male) |
| 19:55 | Create | Villager (Male) |
| 20:03 | Create | Villager (Male) |
| 20:04 | Create | Villager (Male) |
| 20:05 | Create | Villager (Male) |
| 20:23 | Build | Farm |
| 20:50 | Build | House |
| 20:51 | Build | House |
| 20:53 | Build | House |
| 20:56 | Build | House |
| 20:57 | Build | House |
| 20:58 | Build | House |
| 21:06 | Create | Villager (Male) |
| 21:06 | Create | Villager (Male) |
| 21:06 | Create | Villager (Male) |
| 21:07 | Create | Villager (Male) |
| 21:07 | Create | Villager (Male) |
| 21:14 | Create | Villager (Male) |
| 21:14 | Create | Villager (Male) |
| 21:15 | Create | Villager (Male) |
| 21:42 | Create | Villager (Male) |
| 21:43 | Create | Villager (Male) |
| 21:45 | Create | Villager (Male) |
| 21:45 | Create | Villager (Male) |
| 21:45 | Create | Villager (Male) |
| 21:47 | Create | Villager (Male) |
| 21:48 | Create | Villager (Male) |
| 22:18 | Create | Villager (Male) |
| 22:19 | Create | Villager (Male) |
| 22:19 | Create | Villager (Male) |
| 22:25 | Build | Farm |
| 22:28 | Build | Farm |
| 22:30 | Build | Farm |
| 22:38 | Research | Horse Collar |
| 22:52 | Research | Stone Mining |
| 23:01 | Create | Villager (Male) |
| 23:02 | Create | Villager (Male) |
| 23:31 | Build | University |
| 23:45 | Create | Villager (Male) |
| 23:46 | Create | Villager (Male) |
| 23:46 | Create | Villager (Male) |
| 23:55 | Create | Villager (Male) |
| 23:55 | Create | Villager (Male) |
| 23:57 | Create | Villager (Male) |
| 23:57 | Create | Villager (Male) |
| 23:58 | Create | Villager (Male) |
| 24:21 | Build | Farm |
| 24:22 | Build | Farm |
| 24:23 | Build | Farm |
| 24:26 | Build | Farm |
| 24:38 | Build | Mill |
| 24:40 | Research | Heavy Plow |
| 24:52 | Build | Farm |
Build order — Bredark
First 150 of 322 actions detected
| 0:13 | Build | House |
| 0:18 | Research | Loom |
| 0:19 | Create | Villager (Male) |
| 0:19 | Create | Villager (Male) |
| 0:19 | Create | Villager (Male) |
| 0:19 | Create | Villager (Male) |
| 1:52 | Create | Villager (Male) |
| 1:52 | Create | Villager (Male) |
| 2:39 | Create | Villager (Male) |
| 2:40 | Create | Villager (Male) |
| 2:49 | Build | House |
| 3:04 | Create | Villager (Male) |
| 3:04 | Create | Villager (Male) |
| 3:23 | Build | House |
| 3:28 | Create | Villager (Male) |
| 3:28 | Create | Villager (Male) |
| 3:50 | Create | Villager (Male) |
| 4:01 | Build | House |
| 4:17 | Create | Villager (Male) |
| 4:18 | Create | Villager (Male) |
| 4:18 | Create | Villager (Male) |
| 4:18 | Create | Villager (Male) |
| 4:42 | Build | Lumber Camp |
| 4:48 | Create | Villager (Male) |
| 4:59 | Create | Villager (Male) |
| 4:59 | Create | Villager (Male) |
| 5:42 | Create | Villager (Male) |
| 5:42 | Create | Villager (Male) |
| 5:43 | Create | Villager (Male) |
| 5:43 | Create | Villager (Male) |
| 7:06 | Create | Villager (Male) ×3 |
| 7:55 | Build | Mill |
| 8:34 | Research | Feudal Age |
| 9:12 | Build | House |
| 9:15 | Build | House |
| 9:17 | Build | House |
| 9:24 | Create | Villager (Male) |
| 9:24 | Create | Villager (Male) |
| 9:25 | Create | Villager (Male) |
| 10:31 | Build | House |
| 10:37 | Build | Barracks |
| 10:48 | Age | Feudal Age |
| 11:15 | Build | Town Center |
| 11:20 | Create | Villager (Male) |
| 11:29 | Build | Mining Camp |
| 11:43 | Create | Villager (Male) |
| 12:21 | Build | Blacksmith |
| 12:31 | Create | Villager (Male) |
| 12:32 | Create | Villager (Male) |
| 12:44 | Create | Spearman |
| 12:44 | Create | Spearman |
| 12:57 | Build | Stable |
| 13:03 | Research | Forging |
| 13:15 | Research | Scale Mail Armor |
| 13:34 | Create | Spearman |
| 13:44 | Build | Farm |
| 13:45 | Build | Farm |
| 13:47 | Build | Farm |
| 13:50 | Build | Farm |
| 13:51 | Build | Farm |
| 14:46 | Create | Scout Cavalry |
| 15:10 | Create | Villager (Male) |
| 15:15 | Build | Farm |
| 15:17 | Build | Farm |
| 15:18 | Build | Farm |
| 15:20 | Build | Farm |
| 15:21 | Build | Farm |
| 15:23 | Build | Farm |
| 15:24 | Build | Farm |
| 15:26 | Build | Farm |
| 15:36 | Create | Villager (Male) |
| 15:36 | Create | Villager (Male) |
| 16:00 | Build | Archery Range |
| 16:06 | Create | Villager (Male) |
| 16:06 | Create | Villager (Male) |
| 16:12 | Create | Villager (Male) |
| 16:31 | Build | Mill |
| 16:37 | Create | Villager (Male) |
| 16:58 | Create | Villager (Male) |
| 17:11 | Build | Farm |
| 17:23 | Create | Villager (Male) |
| 17:31 | Create | Villager (Male) |
| 17:48 | Create | Villager (Male) |
| 18:01 | Build | Farm |
| 18:08 | Create | Villager (Male) |
| 18:15 | Build | Farm |
| 18:16 | Build | Farm |
| 18:19 | Build | Farm |
| 18:20 | Build | Farm |
| 18:22 | Build | Farm |
| 18:26 | Create | Villager (Male) |
| 18:26 | Create | Villager (Male) |
| 19:00 | Create | Villager (Male) |
| 19:15 | Build | Farm |
| 19:26 | Create | Villager (Male) |
| 19:31 | Create | Villager (Male) |
| 19:32 | Create | Villager (Male) |
| 19:45 | Build | Market |
| 20:13 | Build | Barracks |
| 20:17 | Create | Villager (Male) |
| 20:20 | Create | Villager (Male) |
| 20:21 | Create | Villager (Male) |
| 20:32 | Create | Villager (Male) |
| 20:53 | Build | House |
| 20:56 | Build | House |
| 21:02 | Research | Wheelbarrow |
| 21:15 | Research | Castle Age |
| 21:45 | Build | Mining Camp |
| 21:59 | Research | Stone Mining |
| 22:06 | Research | Horse Collar |
| 22:12 | Create | Villager (Male) |
| 22:12 | Create | Villager (Male) |
| 22:20 | Build | Stable |
| 22:23 | Research | Bloodlines |
| 22:34 | Build | House |
| 22:38 | Build | House |
| 22:52 | Create | Villager (Male) |
| 22:52 | Create | Villager (Male) |
| 23:03 | Research | Padded Archer Armor |
| 23:05 | Research | Scale Barding Armor |
| 23:09 | Create | Spearman |
| 23:10 | Create | Spearman |
| 23:19 | Build | Siege Workshop |
| 23:25 | Create | Villager (Male) |
| 23:46 | Build | House |
| 23:48 | Build | House |
| 23:49 | Build | House |
| 23:52 | Build | House |
| 23:55 | Age | Castle Age |
| 23:57 | Create | Villager (Male) |
| 24:00 | Create | Villager (Male) |
| 24:02 | Create | Villager (Male) |
| 24:14 | Build | Monastery |
| 24:21 | Create | Villager (Male) |
| 24:25 | Create | Battering Ram |
| 24:45 | Build | Farm |
| 24:50 | Create | Villager (Male) |
| 24:50 | Create | Villager (Male) |
| 24:51 | Create | Villager (Male) |
| 24:53 | Create | Villager (Male) |
| 24:54 | Create | Villager (Male) |
| 24:56 | Build | Farm |
| 25:07 | Build | Farm |
| 25:13 | Create | Monk |
| 25:13 | Create | Monk |
| 25:22 | Research | Capped Ram (upgrade) |
| 25:39 | Build | Farm |
| 25:41 | Build | Farm |
| 25:48 | Build | Farm |
| 26:01 | Create | Villager (Male) |
Build order — 劍靈根
First 150 of 646 actions detected
| 0:01 | Create | Villager (Male) |
| 0:01 | Create | Villager (Male) |
| 0:03 | Build | House |
| 0:05 | Build | House |
| 0:12 | Create | Villager (Male) |
| 0:12 | Create | Villager (Male) |
| 0:12 | Create | Villager (Male) |
| 1:26 | Create | Villager (Male) |
| 1:43 | Create | Villager (Male) |
| 1:44 | Create | Villager (Male) |
| 1:46 | Build | Lumber Camp |
| 2:10 | Create | Villager (Male) |
| 3:02 | Create | Villager (Male) |
| 3:02 | Create | Villager (Male) |
| 3:25 | Create | Villager (Male) |
| 3:54 | Build | House |
| 4:05 | Create | Villager (Male) |
| 4:05 | Create | Villager (Male) |
| 4:11 | Build | House |
| 4:32 | Create | Villager (Male) |
| 4:40 | Build | Mill |
| 4:48 | Create | Villager (Male) |
| 5:02 | Create | Villager (Male) |
| 5:21 | Create | Villager (Male) |
| 5:52 | Create | Villager (Male) |
| 6:09 | Create | Villager (Male) |
| 6:42 | Build | Mining Camp |
| 6:44 | Create | Villager (Male) |
| 7:16 | Create | Villager (Male) |
| 7:35 | Create | Villager (Male) |
| 7:53 | Create | Villager (Male) |
| 8:21 | Build | House |
| 8:24 | Create | Villager (Male) |
| 8:45 | Create | Villager (Male) |
| 9:16 | Create | Villager (Male) |
| 9:37 | Build | Farm |
| 9:50 | Research | Feudal Age |
| 10:13 | Create | Villager (Male) |
| 10:14 | Create | Villager (Male) |
| 10:37 | Build | Farm |
| 10:40 | Build | Farm |
| 11:00 | Create | Villager (Male) |
| 11:23 | Build | Farm |
| 11:25 | Build | Farm |
| 12:07 | Age | Feudal Age |
| 12:12 | Build | Market |
| 12:17 | Build | Blacksmith |
| 12:20 | Build | House |
| 12:41 | Research | Double-Bit Axe |
| 12:45 | Research | Horse Collar |
| 13:20 | Research | Castle Age |
| 13:36 | Create | Villager (Male) |
| 13:41 | Build | Farm |
| 13:47 | Build | Farm |
| 13:54 | Build | House |
| 13:55 | Build | House |
| 13:57 | Build | House |
| 14:00 | Build | House |
| 14:25 | Build | Farm |
| 14:29 | Build | Farm |
| 14:35 | Build | Farm |
| 15:00 | Build | House |
| 15:01 | Build | House |
| 15:22 | Create | Villager (Male) |
| 16:02 | Age | Castle Age |
| 16:09 | Build | Town Center |
| 16:14 | Build | House |
| 16:37 | Build | Town Center |
| 16:39 | Create | Villager (Male) |
| 16:43 | Build | House |
| 16:46 | Create | Villager (Male) |
| 16:46 | Create | Villager (Male) |
| 16:47 | Create | Villager (Male) |
| 16:57 | Create | Villager (Male) |
| 17:05 | Research | Bow Saw |
| 17:10 | Build | House |
| 17:11 | Build | House |
| 17:15 | Create | Villager (Male) |
| 17:16 | Create | Villager (Male) |
| 17:25 | Create | Villager (Male) |
| 17:32 | Build | Farm |
| 17:38 | Research | Heavy Plow |
| 17:40 | Create | Villager (Male) |
| 17:41 | Create | Villager (Male) |
| 17:45 | Build | House |
| 18:04 | Research | Wheelbarrow |
| 18:04 | Create | Villager (Male) |
| 18:13 | Build | Farm |
| 18:16 | Build | Farm |
| 18:19 | Build | Farm |
| 18:20 | Create | Villager (Male) |
| 18:20 | Create | Villager (Male) |
| 18:24 | Build | Farm |
| 18:33 | Build | Farm |
| 18:34 | Create | Villager (Male) |
| 18:36 | Create | Villager (Male) |
| 18:38 | Create | Villager (Male) |
| 18:40 | Create | Villager (Male) |
| 18:43 | Build | House |
| 18:44 | Build | House |
| 18:45 | Build | House |
| 18:56 | Create | Villager (Male) |
| 18:59 | Create | Villager (Male) |
| 19:08 | Build | Mining Camp |
| 19:16 | Research | Stone Mining |
| 19:23 | Build | Farm |
| 19:26 | Build | Farm |
| 19:29 | Build | Farm |
| 19:32 | Build | Farm |
| 19:34 | Create | Villager (Male) |
| 19:36 | Create | Villager (Male) |
| 19:42 | Build | Farm |
| 19:44 | Create | Villager (Male) |
| 19:55 | Build | Farm |
| 20:04 | Build | Farm |
| 20:07 | Create | Villager (Male) |
| 20:09 | Create | Villager (Male) |
| 20:13 | Create | Villager (Male) |
| 20:17 | Build | Farm |
| 20:22 | Build | Farm |
| 20:31 | Create | Villager (Male) |
| 20:33 | Create | Villager (Male) |
| 20:36 | Build | Farm |
| 20:38 | Build | Farm |
| 20:46 | Build | House |
| 20:48 | Build | House |
| 20:49 | Build | House |
| 20:54 | Create | Villager (Male) |
| 20:55 | Create | Villager (Male) |
| 20:57 | Create | Villager (Male) |
| 21:00 | Create | Villager (Male) |
| 21:01 | Create | Villager (Male) |
| 21:03 | Create | Villager (Male) |
| 21:15 | Create | Villager (Male) |
| 21:16 | Create | Villager (Male) |
| 21:18 | Create | Villager (Male) |
| 21:39 | Build | Town Center |
| 21:43 | Create | Villager (Male) |
| 21:45 | Create | Villager (Male) |
| 21:46 | Create | Villager (Male) |
| 21:50 | Build | Farm |
| 21:52 | Build | Farm |
| 21:56 | Build | Farm |
| 21:59 | Build | Farm |
| 22:04 | Build | Farm |
| 22:06 | Create | Villager (Male) |
| 22:07 | Create | Villager (Male) |
| 22:08 | Create | Villager (Male) |
| 22:13 | Build | House |
| 22:15 | Build | House |
Match timeline
| 10:35 | yougetcs · age_up feudal |
| 10:37 | Bredark · first_building Barracks |
| 10:48 | Bredark · age_up feudal |
| 11:29 | rontgen · age_up feudal |
| 11:54 | Runner · first_building Barracks |
| 12:07 | 劍靈根 · age_up feudal |
| 12:35 | rontgen · first_market_buy 100 stone |
| 12:40 | rontgen · first_market_sell 100 stone |
| 12:57 | Bredark · first_building Stable |
| 13:01 | SimbaSKYwalker · age_up feudal |
| 13:26 | yougetcs · age_up castle |
| 13:33 | Runner · age_up feudal |
| 13:37 | Runner · first_building Stable |
| 13:41 | ZEROarg · age_up feudal |
| 13:56 | Lykia · age_up feudal |
| 15:23 | rontgen · age_up castle |
| 16:00 | Bredark · first_building Archery Range |
| 16:02 | 劍靈根 · age_up castle |
| 16:05 | ZEROarg · first_market_buy 100 food |
| 16:56 | SimbaSKYwalker · age_up castle |
| 17:20 | Runner · age_up castle |
| 17:22 | ZEROarg · age_up castle |
| 17:36 | SimbaSKYwalker · first_market_buy 100 wood |
| 17:40 | SimbaSKYwalker · first_building Monastery |
| 17:41 | Runner · first_building Castle |
| 18:05 | Lykia · age_up castle |
| 18:33 | Runner · wall_segment Stone Wall x2 |
| 18:46 | Runner · wall_segment Stone Wall x20 |
| 20:08 | rontgen · first_building Monastery |
| 20:20 | ZEROarg · first_building Castle |
| 21:03 | yougetcs · first_building Barracks |
| 21:24 | ZEROarg · first_market_sell 100 stone |
| 21:34 | Runner · wall_segment Stone Wall x15 |
| 22:21 | yougetcs · first_building Stable |
| 23:19 | Bredark · first_building Siege Workshop |
| 23:55 | Bredark · age_up castle |
| 24:14 | Runner · first_building Siege Workshop |
| 24:14 | Bredark · first_building Monastery |
| 24:15 | 劍靈根 · first_building Monastery |
| 24:20 | 劍靈根 · first_building Barracks |
| 24:39 | Runner · first_building Monastery |
| 25:06 | 劍靈根 · first_building Siege Workshop |
| 25:12 | Runner · first_building Archery Range |
| 25:21 | yougetcs · first_building Siege Workshop |
| 25:33 | yougetcs · first_building Monastery |
| 26:40 | 劍靈根 · first_market_sell 100 wood |
| 26:47 | yougetcs · first_market_sell 100 food |
| 26:50 | rontgen · first_building Barracks |
| 27:10 | 劍靈根 · first_building Stable |
| 27:40 | Bredark · first_building Castle |
| 27:41 | rontgen · first_building Stable |
| 28:20 | yougetcs · first_building Castle |
| 28:26 | Lykia · first_building Castle |
| 28:40 | rontgen · first_building Castle |
| 28:51 | SimbaSKYwalker · first_building Barracks |
| 28:59 | SimbaSKYwalker · first_building Siege Workshop |
| 29:26 | Runner · wall_segment Stone Wall x2 |
| 29:37 | Lykia · first_building Barracks |
| 29:58 | yougetcs · age_up imperial |
| 29:59 | 劍靈根 · age_up imperial |
| 30:26 | Runner · wall_segment Stone Wall x8 |
| 30:57 | SimbaSKYwalker · age_up imperial |
| 31:03 | 劍靈根 · first_building Castle |
| 31:07 | SimbaSKYwalker · first_building Castle |
| 31:23 | ZEROarg · first_building Barracks |
| 31:23 | rontgen · age_up imperial |
| 31:43 | Runner · wall_segment Stone Wall x10 |
| 32:02 | Lykia · first_building Stable |
| 32:08 | SimbaSKYwalker · first_building Stable |
| 32:10 | Runner · first_market_sell 100 wood |
| 32:13 | ZEROarg · first_building Stable |
| 32:18 | Runner · first_market_buy 100 food |
| 33:27 | Lykia · age_up imperial |
| 34:04 | ZEROarg · age_up imperial |
| 34:31 | SimbaSKYwalker · first_building Archery Range |
| 35:07 | Lykia · first_building Siege Workshop |
| 35:16 | Runner · wall_segment Stone Wall x6 |
| 35:17 | Runner · age_up imperial |
| 36:58 | rontgen · first_building Siege Workshop |
| 38:58 | Bredark · first_market_sell 500 food |
| 38:59 | Bredark · first_market_buy 500 stone |
| 39:56 | yougetcs · wall_segment Stone Wall x3 |
| 40:01 | yougetcs · wall_segment Stone Wall x7 |
| 41:15 | Lykia · first_building Archery Range |
| 43:08 | yougetcs · wall_segment Stone Wall x9 |
| 43:25 | SimbaSKYwalker · first_market_sell 100 food |
| 45:06 | Lykia · first_market_sell 100 wood |
| 50:32 | 劍靈根 · tribute_sent a jugador 1 |
| 50:32 | 劍靈根 · tribute_sent a jugador 2 |
| 50:32 | 劍靈根 · tribute_sent a jugador 3 |
| 50:32 | 劍靈根 · tribute_sent a jugador 4 |
| 50:32 | 劍靈根 · tribute_sent a jugador 5 |
| 50:32 | 劍靈根 · tribute_sent a jugador 6 |
| 50:32 | 劍靈根 · tribute_sent a jugador 7 |
| 50:38 | rontgen · tribute_sent a jugador 1 |
| 50:38 | rontgen · tribute_sent a jugador 2 |
| 50:38 | rontgen · tribute_sent a jugador 3 |
| 50:38 | rontgen · tribute_sent a jugador 5 |
| 50:38 | rontgen · tribute_sent a jugador 6 |
| 50:38 | rontgen · tribute_sent a jugador 7 |
| 50:38 | rontgen · tribute_sent a jugador 8 |
| 50:49 | Lykia · tribute_sent a jugador 1 |
| 50:49 | Lykia · tribute_sent a jugador 2 |
| 50:49 | Lykia · tribute_sent a jugador 3 |
| 50:49 | Lykia · tribute_sent a jugador 4 |
| 50:49 | Lykia · tribute_sent a jugador 5 |
| 50:49 | Lykia · tribute_sent a jugador 7 |
| 50:49 | Lykia · tribute_sent a jugador 8 |
| 52:26 | 劍靈根 · first_building Archery Range |
| 52:41 | rontgen · first_building Archery Range |
| 52:47 | Lykia · wall_segment Stone Wall x8 |
| 54:36 | yougetcs · resign |
[ AI ANALYSIS · 1 CREDIT ]
What really happened in this match?
Wolo.gg analyzes every decision: build order, eco, micro, common mistakes by bracket. Personalized analysis on WhatsApp or Discord in 30 seconds.
Civ guide
Khmer
Map guide
Arena
Perfil
Jugador #1908436